AoeStats
← Count Foxbat

Arabia

510272246Analyzed
1v1 RM · 2d ago on Sep 30, 2026· 28m 37s· 2 players
Game mode
Random Map
Map size
Tiny (2 player)
Population
200
Speed
Normal
Resources
Standard
Victory
Conquest
Starting age
Dark Age
Ending age
Imperial Age
RankedLock teamsTeams togetherTeam positionsShared explorationLock speedFull tech treeHidden civsTurbo modeCheats
Victory
Defeat
🇩🇪 Franks · Germany
843
+29
🇬🇪 Vikings · Georgia
743
-12
Count Foxbat
7:06 Loom
10:11 Feudal Age
15:15 Wheelbarrow
23:19 Castle Age
22:44 Scale Barding Armor
22:40 Double-Bit Axe
22:48 Man-at-Arms
26:44 Husbandry
NobleKingSimba
7:58 Loom
12:14 Feudal Age
12:27 Man-at-Arms
24:28 Castle Age
23:26 Double-Bit Axe
23:25 Horse Collar
27:00 Bow Saw
26:52 Heavy Plow
Connection lost

Rejoining the realm…

Still unreachable

The connection could not be restored.

Session expired

The server has moved on; the page needs a fresh start.